 Dungeon Crawl Stone Soup version 0.19-a0-1170-g18f0c96 (webtiles) character file.

16 Gorice the Sneak (level 2, -2/15 HPs)
             Began as a Kobold Enchanter on Aug 17, 2016.
             Slain by an adder (4 damage)
             ... on level 1 of the Dungeon.
             The game lasted 00:02:18 (633 turns).

Gorice the Sneak (Kobold Enchanter)                  Turns: 633, Time: 00:02:18

Health: -2/15      AC:  3    Str:  6    XL:     2   Next: 70%
Magic:  4/5        EV: 15    Int: 13    God:
Gold:   26         SH:  0    Dex: 16    Spells: 1 memorised, 4 levels left

rFire  . . .     SeeInvis .     a - +1 dagger
rCold  . . .     Gourm    .     b - +1 robe
rNeg   . . .     Faith    .     (shield restricted)
rPois  .         Spirit   .     (no helmet)
rElec  .         Dismiss  .     (no cloak)
rCorr  .         Reflect  .     (no gloves)
MR     .....     Harm     .     (no boots)
Stlth  +++.......               (no amulet)
                                (no ring)
                                (no ring)

@: lethally poisoned (-2 -> -15), flying, very slightly contaminated
A: carnivore 3
a: no special abilities


You were on level 1 of the Dungeon.
You were completely stuffed.

You visited 1 branch of the dungeon, and saw 1 of its levels.

You collected 26 gold pieces.

Inventory:

Hand Weapons
 a - a +1 dagger (weapon)
Missiles
 e - 11 poisoned needles
Armour
 b - a +1 robe (worn)
 m - a +0 ring mail
Scrolls
 g - a scroll of remove curse {unknown}
 i - a scroll of fear {unknown}
 l - a scroll of identify {unknown}
Potions
 j - a potion of curing {unknown}
 n - a potion of agility {unknown}
Books
 c - a book of Maledictions
Comestibles
 d - a meat ration {!e}
 h - 2 chunks of flesh
 k - a beef jerky


   Skills:
 * Level 2.9 Short Blades
 - Level 2.4 Dodging
 - Level 4.0 Stealth
 - Level 2.0 Spellcasting
 + Level 3.2 Hexes


You had 4 spell levels left.
You knew the following spells:

 Your Spells              Type           Power        Failure   Level  Hunger
a - Corona                Hex            #......      10%         1    ##.....


Dungeon Overview and Level Annotations

Branches:
Dungeon (1/15)

Altars:


Innate Abilities, Weirdness & Mutations

You are small and have problems with some larger weapons.
You are carnivorous and can eat meat at any time.


Message History

Aim: an adder (chance to defeat MR: 52%)
The adder is outlined in light.
The adder bites you but does no damage.
You hit the adder but do no damage. The adder bites you but does no damage.
You barely miss the adder. The adder closely misses you.
You hit the adder.
The adder is moderately wounded.
The adder bites you but does no damage.
You hit the adder.
The adder is heavily wounded.
The adder barely misses you.
You hit the adder.
The adder is severely wounded.
The adder bites you.
You are poisoned.
The adder poisons you! The adder bites you.
You are lethally poisoned!
The adder poisons you!
A hobgoblin comes into view. It is wielding a club.
Damage: 4 (max 4)
The hobgoblin shouts!
You hit the adder but do no damage.
The adder is severely wounded.
You feel sick. The adder misses you.
Damage: 1 (max 4)
You barely miss the adder.
The adder is severely wounded.
You feel sick. The adder misses you.
Damage: 1 (max 4)
You closely miss the adder.
The adder is severely wounded.
You feel sick. The adder barely misses you.
Damage: 1 (max 4)
You closely miss the adder.
The adder is severely wounded.
The adder bites you.
* * * LOW HITPOINT WARNING * * *
You are more poisoned.
The adder poisons you!
Damage: 5 (max 5)
You hit the adder.
The adder is severely wounded.
* * * LOW HITPOINT WARNING * * *
You feel sick.
The adder stops glowing.
The adder barely misses you.
Unknown command.
It was a potion of flight.
You feel very buoyant.
You fly up into the air.
* * * LOW HITPOINT WARNING * * *
You feel sick. The adder bites you.
You die...

+.......+.........
#.......##........ #...
#.......##.....##' #...
#.......##.....##. #>..
#.......##.....### #..l
#.......##.....# # #...
#.......##.....# # #.g.
#.......##.....#
####...##@......##.....###
.$..l..gS..............+..
####..$###########..[..###
#... #.....# #### #.....#
####### ### ## ###.. ## ##
#P#P##..


You could see an adder, a giant gecko (wandering) and a hobgoblin.

Vanquished Creatures
  A dart slug (D:1)
  2 giant cockroaches (D:1)
  A hobgoblin (D:1)
  A kobold (D:1)
  A ball python (D:1)
  10 rats (D:1)
16 creatures vanquished.

Vanquished Creatures (others)
  14 toadstools (D:1)
14 creatures vanquished.

Grand Total: 30 creatures vanquished

Notes
Turn   | Place    | Note
-------+----------+-------------------------------------------
     0 | D:1      | Gorice the Kobold Enchanter began the quest for the Orb.
     0 | D:1      | Reached XP level 1. HP: 10/10 MP: 3/3
   237 | D:1      | Reached skill level 2 in Short Blades
   276 | D:1      | Reached XP level 2. HP: 15/15 MP: 5/5
   631 | D:1      | HP: 3/15 [adder (5)]
   633 | D:1      | Slain by an adder

Vault maps used:
D:1:      nagdon_arrival_zigzag_paths, minmay_rat_gold_closets

Skill      XL: |  1 |
---------------+----+-----
Short Blades   | 2 |  2.9
Dodging        | |  2.4
Stealth        | |  4.0
Spellcasting   | |  2.0
Hexes          | |  3.2

Action                   || total
-------------------------++-------
Melee: Dagger            ||    47
 Cast: Corona            ||     5
  Use: Potion            ||     1
 Stab: Sleeping          ||    10
  Eat: Chunk             ||     8
Armor: Robe              ||     8
Dodge: Dodged            ||    22

Table legend:
 A = Turns spent in this place as a percentage of turns spent in the entire game.
 B = Non-inter-level travel turns spent in this place as a percentage of non-inter-level travel turns spent in the entire game.
 C = Inter-level travel turns spent in this place as a percentage of turns spent in this place.
 D = Turns resting spent in this place as a percentage of non-inter-level travel turns spent in this place.
 E = Turns spent auto-exploring this place as a percentage of non-inter-level travel turns spent in this place.
 F = Non-inter-level travel turns spent in this place divided by the number of levels of this place that you've seen.
                   A       B       C       D       E      F
               +-------+-------+-------+-------+-------+----------------------
         Total | 100.0 | 100.0 |   0.0 |   2.6 |   3.3 | 274.0
       Dungeon | 100.0 | 100.0 |   0.0 |   2.6 |   3.3 | 274.0
               +-------+-------+-------+-------+-------+----------------------

Vault maps used:
D:1:      nagdon_arrival_zigzag_paths, minmay_rat_gold_closets
